 Dungeon Sprint DCSS version 0.19.4-8-ga85b6b9 (webtiles) character file.

1100000 protoss039 the Impregnable (level 14, -23/159 HPs)
             Began as a Minotaur Fighter on Feb 7, 2017.
             Was an Initiate of Makhleb.
             Annihilated by a bag of meat
             ... wielding a +9 war axe
              (30 damage)
             ... in the Dungeon (Sprint VIII: "Arena of Blood").
             The game lasted 00:01:16 (11 turns).

protoss039 the Impregnable (Minotaur Fighter)         Turns: 11, Time: 00:01:17

Health: -23/159    AC: 12    Str: 26    XL:     14   Next: 76%
Magic:  13/13      EV: 20    Int:  5    God:    Makhleb [......]
Gold:   0          SH:  0    Dex: 10    Spells: 0 memorised, 13 levels left

rFire  . . .     SeeInvis .     l - +∞ Axe of Woe
rCold  . . .     Gourm    .     b - +0 scale mail
rNeg   . . .     Faith    .     (shield currently unavailable)
rPois  .         Spirit   .     (helmet restricted)
rElec  .         Reflect  .     (no cloak)
rCorr  .         Harm     .     (no gloves)
MR     +....     NoTele   +     (no boots)
Stlth  ..........               (no amulet)
                                (no ring)
                                (no ring)

@: no status effects
A: retaliatory headbutt, horns 2
a: Renounce Religion


You were in the Dungeon.
You worshipped Makhleb.
Makhleb was noncommittal.
You were not hungry.

You visited 1 branch

Inventory:

Hand Weapons
 a - a +0 war axe
 l - the +∞ Axe of Woe (weapon)
   (You found it in the Dungeon)
Armour
 b - a +0 scale mail (worn)
 c - a +0 shield
Scrolls
 k - a scroll of blinking
Potions
 d - a potion of might
 e - a potion of curing
 g - a potion of heal wounds
 h - a potion of haste
 i - 2 potions of magic
 j - a potion of berserk rage
Comestibles
 f - a bread ration


   Skills:
 + Level 24.2 Fighting
 * Level 22.0 Axes
 + Level 24.5 Armour
 * Level 20.9 Dodging
 - Level 3.6 Shields


You had 13 spell levels left.
You didn't know any spells.

Dungeon Overview and Level Annotations

Branches:
Dungeon (1/1)

Altars:
Makhleb


Innate Abilities, Weirdness & Mutations

You reflexively headbutt those who attack you in melee.
You have a pair of horns on your head.


Message History

* * * LOW HITPOINT WARNING * * *
Unknown command.
Press < or > to pray at altars.
Unknown command.
Press < or > to pray at altars.
Unknown command.
Press < or > to pray at altars.
Unknown command.
Press < or > to pray at altars.
Unknown command.
Press < or > to pray at altars.
Unknown command.
Press < or > to pray at altars.
Unknown command.
Press < or > to pray at altars.
You kneel at the altar of Makhleb.
Makhleb welcomes you!
You hear a shout! x2
The bag of meat hits you with a +9 war axe!!
You die...

..... .. #...
.# . #... o.#
..###... ..###.
.....o###......
....._......
#oo...# #@O<._#
#o.o..#
...o._......
.o...o###......
..###... ..###.
. #... ..# #...
O# ..... o.


You could see a meat berserker (berserk) and 7 bags of meat.

Vanquished Creatures
  5 orcs (D)
5 creatures vanquished.

Notes
Turn   | Place    | Note
-------+----------+-------------------------------------------
     0 | D        | protoss039 the Minotaur Fighter began the quest for the Orb.
     0 | D        | Reached XP level 1. HP: 19/19 MP: 0/0
     2 | D        | Noticed a bag of meat
     2 | D        | Noticed a bag of meat
     3 | D        | Noticed a bag of meat
     3 | D        | Noticed a bag of meat
     3 | D        | Noticed a bag of meat
     4 | D        | Noticed a bag of meat
     4 | D        | Noticed a bag of meat
     4 | D        | Noticed a bag of meat
     5 | D        | Noticed a bag of meat
     5 | D        | Noticed a meat berserker
     6 | D        | Noticed a bag of meat
     6 | D        | Noticed a bag of meat
     8 | D        | Noticed a bag of meat
     9 | D        | Killed a bag of meat
     9 | D        | Reached skill level 15 in Axes
     9 | D        | Reached skill level 15 in Dodging
     9 | D        | Reached XP level 2. HP: 52/52 MP: 1/1
     9 | D        | Reached XP level 3. HP: 59/59 MP: 2/2
     9 | D        | Reached XP level 4. HP: 68/68 MP: 3/3
     9 | D        | Reached XP level 5. HP: 74/74 MP: 4/4
     9 | D        | Reached XP level 6. HP: 82/82 MP: 5/5
     9 | D        | Reached XP level 7. HP: 90/90 MP: 6/6
     9 | D        | Reached XP level 8. HP: 97/97 MP: 7/7
     9 | D        | Reached XP level 9. HP: 104/104 MP: 8/8
     9 | D        | Reached XP level 10. HP: 112/112 MP: 9/9
     9 | D        | Reached XP level 11. HP: 119/119 MP: 10/10
    10 | D        | Killed a bag of meat
    10 | D        | Reached XP level 12. HP: 31/134 MP: 11/11
    10 | D        | Killed a bag of meat
    10 | D        | Reached XP level 13. HP: 33/145 MP: 12/12
    10 | D        | Killed a bag of meat
    10 | D        | Reached XP level 14. HP: 36/157 MP: 13/13
    10 | D        | Killed a bag of meat
    10 | D        | HP: 7/159 [meat berserker/+9 battleaxe (30)]
    11 | D        | Became a worshipper of Makhleb the Destroyer
    11 | D        | Annihilated by a bag of meat

Skill      XL: |  1  2  3  4  5  6  7  8  9 10 11 12 13 14 |
---------------+-------------------------------------------+-----
Fighting       | 18 20 22 23 24 | 24.2
Axes           | 15 17 19 20 22 | 22.0
Armour         | 17 20 22 23 24 | 24.5
Dodging        | 15 17 18 20 | 20.9
Shields        | |  3.6

Action                   |  1- 3 |  4- 6 |  7- 9 | 10-12 | 13-15 || total
-------------------------+-------+-------+-------+-------+-------++-------
Melee: Executioner's axe |     1 |       |       |     1 |       ||     2
